MID
DELMARVA SHOREBIRDS @ CHARLESTON RIVERDOGS
08/02/2048
 
TOP OF THE 1ST
Delmarva Shorebirds batting - Pitching for Charleston RiverDogs : RHP Khayyat bin Faruq
Pitching: RHP Khayyat bin Faruq
Batting: RHB Josh Hopp 0-0: Called Strike
0-1: Swinging Strike
0-2: Ball
1-2: Ball
2-2: Fly out, F4 (Line Drive, 4, EV 68.8 MPH)
Batting: RHB Steve Jones 0-0: Called Strike
0-1: Ground out 1-3 (Groundball, 15S, EV 75.6 MPH)
Batting: RHB Daniel Jackson 0-0: Hit by Pitch
Batting: RHB Luke Vaccarino 0-0: Ball
1-0: Ball
2-0: SINGLE (Groundball, 6MD, EV 100.6 MPH) (infield hit)
Daniel Jackson to second
Batting: RHB Maup Gommers 0-0: Ball
1-0: Foul Ball, location: 2F
1-1: Called Strike
1-2: Ball
2-2: Foul Ball, location: 2F
2-2: Ball
Wild Pitch!
Daniel Jackson to third
Luke Vaccarino to second
3-2: Ground out 6-3 (Groundball, 6, EV 88.1 MPH)
Top of the 1st over - 0 runs, 1 hit, 0 errors, 2 left on base; Delmarva 0 - Charleston 0
BOTTOM OF THE 1ST
Charleston RiverDogs batting - Pitching for Delmarva Shorebirds : RHP Jonathan Spicer
Pitching: RHP Jonathan Spicer
Batting: RHB Jonathan Iniguez 0-0: Ball
1-0: Foul Ball, location: 2F
1-1: Foul Ball, location: 2F
1-2: Ball
2-2: Ball
3-2: Foul Ball, location: 2F
3-2: Fly out, F7 (Flyball, 78D, EV 96.2 MPH)
Batting: SHB Corey Penson 0-0: Ball
1-0: Ball
2-0: Ball
3-0: Called Strike
3-1: Base on Balls
Batting: LHB Justin O'Neal 0-0: Ball
1-0: Called Strike
1-1: Ball
2-1: Foul Ball, location: 2F
2-2: Ball
3-2: Foul Ball, location: 2F
3-2: Base on Balls
Corey Penson to second
Batting: RHB Mike Zern 0-0: Ball
1-0: Called Strike
1-1: Foul Ball, location: 2F
1-2: Strikes out swinging
Batting: LHB Steve LeGrand 0-0: Ball
1-0: Ball
2-0: Called Strike
2-1: Fielders Choice at 2nd, 6-4 (Groundball, 6, EV 79.4 MPH)
Bottom of the 1st over - 0 runs, 0 hits, 0 errors, 2 left on base; Delmarva 0 - Charleston 0
TOP OF THE 2ND
Delmarva Shorebirds batting - Pitching for Charleston RiverDogs : RHP Khayyat bin Faruq
Batting: RHB Ken Manser 0-0: Called Strike
0-1: Foul Ball, location: 2F
0-2: Ball
1-2: Strikes out swinging
Batting: RHB Ethan Finke 0-0: Ball
1-0: Ball
2-0: Ball
3-0: Base on Balls
Batting: RHB Mike Pitts 0-0: Ball
1-0: Foul Ball, location: 2F
1-1: Foul Ball, location: 2F
1-2: SINGLE (Groundball, 4MD, EV 101.9 MPH)
Ethan Finke to second
Batting: RHB Tony Godley 0-0: Called Strike
0-1: Called Strike
0-2: Grounds into double play, 6-4-3 (Groundball, 6, EV 86.9 MPH)
Top of the 2nd over - 0 runs, 1 hit, 0 errors, 1 left on base; Delmarva 0 - Charleston 0
BOTTOM OF THE 2ND
Charleston RiverDogs batting - Pitching for Delmarva Shorebirds : RHP Jonathan Spicer
Batting: LHB Jeremiah Walker 0-0: Ball
1-0: Ball
2-0: Called Strike
2-1: Swinging Strike
2-2: DOUBLE (Groundball, 5L, EV 106.2 MPH)
Batting: LHB Ernesto Abreu 0-0: DOUBLE (Groundball, 5L, EV 104.4 MPH)
Jeremiah Walker scores
Batting: RHB Nate Singleton 0-0: Foul Ball, location: 2F
0-1: SINGLE (Groundball, 56D, EV 95.6 MPH)
Ernesto Abreu to third
Batting: RHB Louwe Starmans 0-0: Ball
1-0: Ball
2-0: DOUBLE (Groundball, 5L, EV 106.9 MPH)
Ernesto Abreu scores
Nate Singleton to third
Batting: RHB Jonathan Iniguez 0-0: Ball
1-0: Ball
2-0: Fly out, F7 (Flyball, 7, EV 76.9 MPH)
Batting: SHB Corey Penson 0-0: Ball
1-0: Foul Ball, location: 2F
1-1: Swinging Strike
1-2: Strikes out looking
Batting: LHB Justin O'Neal 0-0: Called Strike
0-1: Ball
1-1: Foul Ball, location: 2F
1-2: Strikes out looking
Bottom of the 2nd over - 2 runs, 4 hits, 0 errors, 2 left on base; Delmarva 0 - Charleston 2
TOP OF THE 3RD
Delmarva Shorebirds batting - Pitching for Charleston RiverDogs : RHP Khayyat bin Faruq
Batting: RHB Josh Hopp 0-0: Foul Ball, location: 2F
0-1: Ball
1-1: Foul Ball, location: 2F
1-2: Ground out 6-3 (Groundball, 6, EV 81.9 MPH)
Batting: RHB Steve Jones 0-0: Ball
1-0: Ball
2-0: Called Strike
2-1: Ball
3-1: Foul Ball, location: 2F
3-2: Fly out, F9 (Flyball, 9S, EV 75.0 MPH)
Batting: RHB Daniel Jackson 0-0: Ball
1-0: Ball
2-0: Ground out 6-3 (Groundball, 6, EV 91.9 MPH)
Top of the 3rd over - 0 runs, 0 hits, 0 errors, 0 left on base; Delmarva 0 - Charleston 2
BOTTOM OF THE 3RD
Charleston RiverDogs batting - Pitching for Delmarva Shorebirds : RHP Jonathan Spicer
Batting: RHB Mike Zern 0-0: Ball
1-0: Ground out 1-3 (Groundball, 34S, EV 63.8 MPH)
Batting: LHB Steve LeGrand 0-0: Foul Ball, location: 2F
0-1: Ball
1-1: Ball
2-1: Swinging Strike
2-2: Ball
3-2: Base on Balls
Batting: LHB Jeremiah Walker 0-0: Fly out, F7 (Flyball, 7, EV 90.0 MPH)
Batting: LHB Ernesto Abreu 0-0: Ball
1-0: Ball
2-0: Called Strike
2-1: Ball
3-1: Swinging Strike
3-2: Strikes out swinging
Bottom of the 3rd over - 0 runs, 0 hits, 0 errors, 1 left on base; Delmarva 0 - Charleston 2
TOP OF THE 4TH
Delmarva Shorebirds batting - Pitching for Charleston RiverDogs : RHP Khayyat bin Faruq
Batting: RHB Luke Vaccarino 0-0: Ball
1-0: Called Strike
1-1: Ball
2-1: Foul Ball, location: 2F
2-2: SINGLE (Groundball, 34D, EV 99.4 MPH)
Batting: RHB Maup Gommers 0-0: Fly out, F4 (Popup, 4, EV 69.4 MPH)
Batting: RHB Ken Manser 0-0: Ball
1-0: Called Strike
1-1: Called Strike
1-2: Strikes out swinging
Batting: RHB Ethan Finke 0-0: Called Strike
0-1: Swinging Strike
0-2: Ball
Luke Vaccarino steals 2nd, throwing error, E2
Luke Vaccarino to third
1-2: Strikes out swinging, 2-3 out at first.
Top of the 4th over - 0 runs, 1 hit, 1 error, 1 left on base; Delmarva 0 - Charleston 2
BOTTOM OF THE 4TH
Charleston RiverDogs batting - Pitching for Delmarva Shorebirds : RHP Jonathan Spicer
Batting: RHB Nate Singleton 0-0: Ball
1-0: Fly out, F2 (Popup, 13S, EV 77.5 MPH)
Batting: RHB Louwe Starmans 0-0: Ball
1-0: Ball
2-0: Swinging Strike
2-1: Called Strike
2-2: Fly out, F5 (Line Drive, 56, EV 104.4 MPH)
Batting: RHB Jonathan Iniguez 0-0: Called Strike
0-1: Ground out 5-3 (Groundball, 56S, EV 88.1 MPH)
Bottom of the 4th over - 0 runs, 0 hits, 0 errors, 0 left on base; Delmarva 0 - Charleston 2
TOP OF THE 5TH
Delmarva Shorebirds batting - Pitching for Charleston RiverDogs : RHP Khayyat bin Faruq
Batting: RHB Mike Pitts 0-0: Foul Ball, location: 2F
0-1: Foul Ball, location: 2F
0-2: Ball
1-2: SINGLE (Groundball, 4MD, EV 95.0 MPH)
Batting: RHB Tony Godley 0-0: Ball
1-0: Ball
2-0: Ball
3-0: Base on Balls
Mike Pitts to second
Batting: RHB Josh Hopp 0-0: Grounds into double play, 6-4-3 (Groundball, 56, EV 102.5 MPH)
Mike Pitts to third
Batting: RHB Steve Jones 0-0: Ball
1-0: Swinging Strike
1-1: Swinging Strike
1-2: Ball
2-2: Foul Ball, location: 2F
2-2: Foul Ball, location: 2F
2-2: Foul Ball, location: 2F
2-2: Strikes out swinging
Top of the 5th over - 0 runs, 1 hit, 0 errors, 1 left on base; Delmarva 0 - Charleston 2
BOTTOM OF THE 5TH
Charleston RiverDogs batting - Pitching for Delmarva Shorebirds : RHP Jonathan Spicer
Batting: SHB Corey Penson 0-0: Swinging Strike
0-1: Called Strike
0-2: Foul Ball, location: 2F
0-2: Ground out 6-3 (Groundball, 6M, EV 108.8 MPH)
Batting: LHB Justin O'Neal 0-0: Foul Ball, location: 2F
0-1: Ball
1-1: SINGLE (Line Drive, 34, EV 95.6 MPH)
Pitching: RHP Bryant Orr
Batting: RHB Mike Zern 0-0: Swinging Strike
0-1: Fly out, F8 (Flyball, 8LD, EV 82.5 MPH)
Batting: LHB Steve LeGrand 0-0: Ball
1-0: Ball
Justin O'Neal steals 2nd base (no throw)
2-0: Foul Ball, location: 2F
2-1: Ball
3-1: Swinging Strike
3-2: Foul Ball, location: 2F
3-2: Strikes out looking
Bottom of the 5th over - 0 runs, 1 hit, 0 errors, 1 left on base; Delmarva 0 - Charleston 2
TOP OF THE 6TH
Delmarva Shorebirds batting - Pitching for Charleston RiverDogs : RHP Khayyat bin Faruq
Pitching: RHP Austin Trzcinski
Batting: RHB Daniel Jackson 0-0: Called Strike
0-1: Swinging Strike
0-2: Strikes out looking
Batting: RHB Luke Vaccarino 0-0: Ball
1-0: Foul Ball, location: 2F
1-1: Swinging Strike
1-2: Strikes out swinging
Batting: RHB Maup Gommers 0-0: Ball
1-0: Foul Ball, location: 2F
1-1: Fly out, F9 (Line Drive, 9S, EV 93.1 MPH)
Top of the 6th over - 0 runs, 0 hits, 0 errors, 0 left on base; Delmarva 0 - Charleston 2
BOTTOM OF THE 6TH
Charleston RiverDogs batting - Pitching for Delmarva Shorebirds : RHP Bryant Orr
Batting: LHB Jeremiah Walker 0-0: Ball
1-0: Swinging Strike
1-1: Foul Ball, location: 2F
1-2: Strikes out swinging
Batting: LHB Ernesto Abreu 0-0: Ground out 6-3 (Groundball, 6, EV 105.0 MPH)
Batting: RHB Nate Singleton 0-0: Ball
1-0: Called Strike
1-1: Ball
2-1: Ground out 6-3 (Groundball, 6M, EV 78.1 MPH)
Bottom of the 6th over - 0 runs, 0 hits, 0 errors, 0 left on base; Delmarva 0 - Charleston 2
TOP OF THE 7TH
Delmarva Shorebirds batting - Pitching for Charleston RiverDogs : RHP Austin Trzcinski
Pitching: LHP Ferrie Werkhoven
Batting: RHB Ken Manser 0-0: Ball
1-0: Ball
2-0: Foul Ball, location: 2F
2-1: Ball
3-1: Base on Balls
Batting: RHB Ethan Finke 0-0: Ball
1-0: Called Strike
Ken Manser is caught stealing 2nd base 2-4
1-1: Called Strike
1-2: Ground out 4-3 (Groundball, 4, EV 98.8 MPH)
Batting: RHB Mike Pitts 0-0: Ball
1-0: Ball
2-0: Called Strike
2-1: Foul Ball, location: 2F
2-2: SINGLE (Groundball, 4M, EV 94.4 MPH)
Batting: RHB Tony Godley 0-0: Ground out 4-3 (Groundball, 4, EV 88.8 MPH)
Top of the 7th over - 0 runs, 1 hit, 0 errors, 1 left on base; Delmarva 0 - Charleston 2
BOTTOM OF THE 7TH
Charleston RiverDogs batting - Pitching for Delmarva Shorebirds : RHP Bryant Orr
Batting: RHB Louwe Starmans 0-0: Swinging Strike
0-1: Ball
1-1: Swinging Strike
1-2: Strikes out swinging
Batting: RHB Jonathan Iniguez 0-0: Fly out, F8 (Flyball, 8RXD, EV 87.5 MPH)
Batting: SHB Corey Penson 0-0: SINGLE (Groundball, 4MD, EV 110.6 MPH)
Batting: LHB Justin O'Neal 0-0: Ground out 4-3 (Groundball, 4S, EV 87.5 MPH)
Bottom of the 7th over - 0 runs, 1 hit, 0 errors, 1 left on base; Delmarva 0 - Charleston 2
TOP OF THE 8TH
Delmarva Shorebirds batting - Pitching for Charleston RiverDogs : LHP Ferrie Werkhoven
Batting: RHB Josh Hopp 0-0: Ball
1-0: Foul Ball, location: 2F
1-1: Ball
2-1: Ball
3-1: Base on Balls
Batting: RHB Steve Jones 0-0: Called Strike
0-1: Ball
1-1: Fielders Choice at 2nd, 6-4 (Groundball, 6, EV 92.5 MPH)
Batting: RHB Daniel Jackson 0-0: Ball
1-0: Swinging Strike
1-1: Foul Ball, location: 2F
1-2: SINGLE (Line Drive, 7LM, EV 102.5 MPH)
Steve Jones to second
Pitching: RHP Bobby McDonnell
Batting: RHB Luke Vaccarino 0-0: Ball
1-0: Called Strike
1-1: Ball
2-1: Ball
3-1: Foul Ball, location: 2F
3-2: DOUBLE (Flyball, 89XD, EV 109.4 MPH)
Steve Jones scores
Daniel Jackson to third
Batting: RHB Maup Gommers 0-0: Ground out U3 (Groundball, 3, EV 92.5 MPH)
Batting: RHB Ken Manser 0-0: Ball
1-0: Ball
2-0: Ball
Wild Pitch!
Daniel Jackson scores
Luke Vaccarino to third
3-0: Called Strike
3-1: Called Strike
3-2: Fly out, F4 (Popup, 34S, EV 85.6 MPH)
Top of the 8th over - 2 runs, 2 hits, 0 errors, 1 left on base; Delmarva 2 - Charleston 2
BOTTOM OF THE 8TH
Charleston RiverDogs batting - Pitching for Delmarva Shorebirds : RHP Bryant Orr
Pitching: RHP Harley Hyde
Batting: RHB Mike Zern 0-0: Called Strike
0-1: Ball
1-1: Called Strike
1-2: Strikes out looking
Batting: LHB Steve LeGrand 0-0: Ball
1-0: Ground out 4-3 (Groundball, 4MD, EV 103.1 MPH)
Batting: LHB Jeremiah Walker 0-0: Called Strike
0-1: Fly out, F2 (Popup, 2LF, EV 83.1 MPH)
Bottom of the 8th over - 0 runs, 0 hits, 0 errors, 0 left on base; Delmarva 2 - Charleston 2
TOP OF THE 9TH
Delmarva Shorebirds batting - Pitching for Charleston RiverDogs : RHP Bobby McDonnell
Pitching: RHP Willie Perez
Batting: RHB Ethan Finke 0-0: Ball
1-0: Ball
2-0: Ball
3-0: Called Strike
3-1: Base on Balls
Batting: RHB Mike Pitts 0-0: Called Strike
0-1: Ball
1-1: SINGLE (Groundball, 6MD, EV 95.6 MPH)
Ethan Finke to second
Runner from 2nd tries for 3rd, SAFE, no throw by CF
Pinch Hitting: LHB Eric Jackson 0-0: Ground out 6-3 (Groundball, 56S, EV 86.2 MPH)
Mike Pitts to second
Batting: RHB Josh Hopp 0-0: Ball
1-0: SINGLE (Groundball, 4M, EV 94.4 MPH)
Ethan Finke scores
Mike Pitts to third
Runner from 3rd tries for Home, SAFE, throw by CF to home
Josh Hopp to second
Batting: RHB Steve Jones 0-0: Ball
1-0: Ball
2-0: Called Strike
2-1: Called Strike
2-2: Foul Ball, location: 2F
2-2: Ground out 6-3 (Groundball, 56, EV 80.0 MPH)
Batting: RHB Daniel Jackson 0-0: Called Strike
0-1: Ground out 3-1 (Groundball, 34, EV 101.9 MPH)
Top of the 9th over - 2 runs, 2 hits, 0 errors, 1 left on base; Delmarva 4 - Charleston 2
BOTTOM OF THE 9TH
Charleston RiverDogs batting - Pitching for Delmarva Shorebirds : RHP Harley Hyde
Pitching: RHP Manny Rolfe
Now in CF: Eric Jackson
Batting: LHB Ernesto Abreu 0-0: Ground out 4-3 (Groundball, 4, EV 96.9 MPH)
Pinch Hitting: LHB Dale Anderson 0-0: Foul Ball, location: 2F
0-1: Ball
1-1: Ground out 4-3 (Groundball, 34D, EV 95.0 MPH)
Pinch Hitting: LHB Marc Durgin 0-0: Called Strike
0-1: Ball
1-1: Ball
2-1: Called Strike
2-2: Strikes out swinging
Bottom of the 9th over - 0 runs, 0 hits, 0 errors, 0 left on base; Delmarva 4 - Charleston 2
Tuesday, March 28th , 2023 - OOTP Baseball 23.10 Build 110